 Dungeon Crawl Stone Soup version 0.27.0-1-g7a089689b8 (webtiles) character file.

Game seed: 17593167951967379070

265 zergursh the Skirmisher (level 5, 0/42 HPs)
             Began as a Demonspawn Gladiator on Aug 8, 2021.
             Was an Initiate of Okawaru.
             Shot with an arrow by a centaur (11 damage)
             ... on level 5 of the Dungeon.
             The game lasted 00:09:06 (3843 turns).

zergursh the Skirmisher (Demonspawn Gladiator)      Turns: 3843, Time: 00:09:06

Health: 0/42       AC: 12    Str: 15    XL:     5   Next: 99%
Magic:  5/5        EV: 10    Int: 10    God:    Okawaru [......]
Gold:   229        SH:  0    Dex: 14    Spells: 4/4 levels left

rFire    . . .     SeeInvis .   a - +0 trident
rCold    . . .     Faith    .   (no shield)
rNeg     . . .     Spirit   .   i - +0 scale mail
rPois    .         Reflect  .   c - +0 helmet
rElec    .         Harm     .   n - +1 cloak
rCorr    .         Rampage  .   (no gloves)
Will     .....                  g - +0 pair of boots
Stlth    ..........             (no amulet)
HPRegen  0.14/turn              (no ring)
MPRegen  0.09/turn              (no ring)

@: no status effects
A: thin metallic scales 1, ignite blood 2
a: Renounce Religion


You were on level 5 of the Dungeon.
You worshipped Okawaru.
Okawaru was noncommittal.
You visited 2 branches of the dungeon, and saw 6 of its levels.

You collected 229 gold pieces.

Inventory:

Hand Weapons
 a - a +0 trident (weapon)
 b - a +2 vorpal hunting sling
Missiles
 d - 3 throwing nets (quivered)
 f - 203 stones
Armour
 c - a +0 helmet (worn)
 g - a +0 pair of boots (worn)
 i - a +0 scale mail (worn)
 l - a +0 ring mail
 n - a +1 cloak (worn)
Scrolls
 h - a scroll of enchant armour {unknown}
 j - 3 scrolls of teleportation {unknown}
 m - a scroll of noise {unknown}
 o - a scroll of holy word {unknown}
 p - a scroll of blinking
 q - a scroll of fog {unknown}
 t - a scroll of identify
Potions
 e - a potion of curing {unknown}
 k - a potion of haste
 r - 3 potions of brilliance {unknown}
 s - a potion of mutation {unknown}


   Skills:
 + Level 4.2 Fighting
 - Level 4.1 Polearms
 * Level 2.2(2.6) Slings
 - Level 1.9(2.4) Throwing
 - Level 2.7 Dodging


You had 4 spell levels left.
You didn't know any spells.
Your spell library contained the following spells:

 Spells                   Type           Power      Damage    Failure   Level
 Sublimation of Blood     Necr           0%         N/A       94%         2
 Wereblood                Tmut           0%         N/A       94%         2
 Portal Projectile        Hex/Tloc       0%         N/A       99%         3
 Blade Hands              Tmut           0%         N/A       100%        5
 Excruciating Wounds      Necr           0%         N/A       100%        5
 Summon Hydra             Summ           0%         N/A       100%        7


Dungeon Overview and Level Annotations

Branches:
Dungeon (5/15)             Temple (1/1) D:4

Altars:
Cheibriados
Dithmenos
Fedhas
Gozag
Hepliaklqana
Kikubaaqudgha
Nemelex Xobeh
Okawaru
Qazlal
Ru
Sif Muna
Trog
Uskayaw
Vehumet
Wu Jian
Xom
Yredelemnul
The Shining One

Shops:
D:4 *

Annotations:
D:4 Edmund


Innate Abilities, Weirdness & Mutations

You are partially covered in thin metallic scales. (AC +2)
Your demonic aura often causes spilled blood to erupt in flames.


Message History

The ball python constricts you.
You puncture the ball python!
You kill the ball python!
Okawaru accepts your kill.
You see here a ball python corpse.
j - 3 scrolls labelled XUEMUI DAOSE (gained 1)
d - 3 throwing nets (gained 1)
There is a stone staircase leading down here.
Level annotation: Edmund Welcome back, zergursh the Demonspawn Gladiator.
Okawaru says: Bring me glory in combat!
Press ? for a list of commands and other information.
There is a stone staircase leading down here.
You climb downwards.
Found 13 gold pieces.
There is a stone staircase leading up here.
You now have 218 gold pieces (gained 13).
You now have 229 gold pieces (gained 11).
Found a quarterstaff.
An adder and a centaur come into view.
The centaur shouts!
The adder hisses angrily.
The centaur wields a +0 shortbow.
The centaur shoots an arrow.
The arrow hits you but does no damage.
A hound comes into view.
The centaur shoots an arrow.
The arrow hits you.
You start resting.
An adder is nearby!
An adder is nearby!
You hit the adder but do no damage. The adder bites you.
The adder bites you but does no damage.
You barely miss the adder. The adder misses you.
You puncture the adder!
You kill the adder!
Okawaru accepts your kill.
The centaur shoots an arrow.
The arrow hits you!
The centaur shoots an arrow.
The arrow hits you!
The centaur shoots an arrow.
The arrow hits you.
* * * LOW HITPOINT WARNING * * *
The centaur shoots an arrow.
The arrow hits you!
You die...

#.#S#####
#.#.# #.#.#
#.#.####
#.#..c.##
#.###°..#
#.##°###..#
#.#§## .#
#<@.# #
###.# ##.#
#.. #.. ..#
.# #


You could see a centaur.

Vanquished Creatures
  A howler monkey (D:4)
  2 hounds (D:4)
  4 adders
  2 gnolls
  A shadow imp (D:3)
  An adder skeleton (D:4)
  A worm (D:3)
  5 dart slugs
  4 orcs (D:4)
  6 ball pythons
  8 bats
  8 endoplasms
  A giant cockroach (D:1)
  9 goblins
  7 hobgoblins
  6 jackals
  A quokka (D:1)
  4 frilled lizards
  6 kobolds
  4 rats (D:3)
81 creatures vanquished.

Notes
Turn   | Place    | Note
-------+----------+-------------------------------------------
     0 | D:1      | zergursh the Demonspawn Gladiator began the quest for the
                  | Orb.
     0 | D:1      | Reached XP level 1. HP: 16/16 MP: 1/1
   272 | D:1      | Gained mutation: Your demonic aura sometimes causes spilled
                  | blood to erupt in flames. [demonic ancestry]
   272 | D:1      | Reached XP level 2. HP: 22/22 MP: 2/2
   811 | D:2      | Gained mutation: You are partially covered in thin metallic
                  | scales. (AC +2) [demonic ancestry]
   811 | D:2      | Reached XP level 3. HP: 16/28 MP: 3/3
  1565 | D:2      | Gained mutation: Your demonic aura often causes spilled
                  | blood to erupt in flames. [demonic ancestry]
  1565 | D:2      | Reached XP level 4. HP: 28/35 MP: 4/4
  1689 | D:3      | Found a blossoming altar of Fedhas.
  2143 | D:3      | Found a sacrificial altar of Ru.
  2641 | D:3      | Found a shimmering blue altar of Sif Muna.
  2900 | D:4      | Noticed Edmund
  3019 | D:4      | Reached XP level 5. HP: 31/42 MP: 5/5
  3154 | D:4      | Reached skill level 1 in Slings
  3180 | D:4      | Found Jasorotz's General Store.
  3427 | D:4      | Found a staircase to the Ecumenical Temple.
  3432 | Temple   | Entered the Ecumenical Temple
  3485 | Temple   | Became a worshipper of Warmaster Okawaru
  3531 | D:5      | Entered Level 5 of the Dungeon
  3829 | D:5      | Noticed a centaur
  3843 | D:5      | Shot with an arrow by a centaur

Illustrated notes

Levels and vault maps discovered:
D:1:      tarquinn_simple_flora_water_d, layout_basic
D:2:      layout_basic, minmay_hexomino_u4
D:3:      layout_basic, mainiacjoe_overflow_chevrons, lemuel_blue_sif_altar,
          nicolae_ru_the_path_less_chosen, minmay_misc_feat_square
D:4:      kennysheep_the_goblin_king, layout_basic, minmay_temple_entry_arrows,
          serial_shops, shop, uniq_edmund
D:5:      layout_loops_ring, nicolae_overflow_crystal_walls, st_stairs_5,
          nicolae_shop_sticking_my_neck_out, uniq_eustachio, uniq_blork_the_orc,
          uniq_menkaure
Temple:   nicolae_temple_elliptical

Skill      XL: |  1  2  3  4  5 |
---------------+----------------+-----
Polearms       | 3 4 |  4.1
Fighting       | 3 4 |  4.2
Slings         | 2 |  2.2
Throwing       | |  1.9
Dodging        | |  2.7

Action                   |  1- 3 |  4- 6 || total
-------------------------+-------+-------++-------
Melee: Trident           |   123 |   108 ||   231
 Fire: Hunting sling     |       |    43 ||    43
Throw: Throwing net      |       |     1 ||     1
  Use: Scroll            |       |     3 ||     3
 Stab: Sleeping          |     1 |       ||     1
Armor: Leather armour    |    32 |       ||    32
       Ring mail         |    11 |    26 ||    37
       Scale mail        |       |    22 ||    22
Dodge: Dodged            |    70 |    45 ||   115
